AoeStats
← DavidFe

Arabia

510308303Analyzed
3v3 RM · 1d ago on Sep 30, 2026· 61m 13s· 6 players
Game mode
Random Map
Map size
Normal (6 player)
Population
200
Speed
Normal
Resources
Standard
Victory
Conquest
Starting age
Dark Age
Ending age
Imperial Age
RankedLock teamsTeams togetherTeam positionsShared explorationLock speedFull tech treeHidden civsTurbo modeCheats
Victory
Defeat
🇪🇸 Magyars · Spain
861
+11
🇲🇽 Ethiopians · Mexico
811
+12
🇦🇷 Vietnamese · Argentina
666
+18
🇪🇸 Vietnamese · Spain
764
-15
🇩🇪 Romans · Germany
736
-14
🇩🇪 Goths · Germany
689
-12
FalteringHarpy5
4:18 Loom
11:35 Feudal Age
17:34 Castle Age
17:01 Double-Bit Axe
16:59 Horse Collar
23:32 Wheelbarrow
25:15 Heavy Plow
25:28 Bow Saw
25:44 Squires
27:25 Treadmill Crane
28:35 Town Watch
29:20 Hand Cart
34:04 Imperial Age
32:01 Scale Mail Armor
32:13 Forging
32:33 Gold Mining
32:46 Stone Mining
36:12 Crop Rotation
36:45 Two-Man Saw
35:14 Elite Fire Lancer
37:30 Fortified Wall
37:31 Masonry
37:28 Siege Engineers
38:25 Chemistry
37:45 Ballistics
37:53 Town Patrol
38:46 Chain Mail Armor
39:06 Iron Casting
38:50 Caravan
39:50 Paper Money
40:06 Hoardings
42:15 Plate Mail Armor
41:46 Arson
43:00 Elite Rattan Archer
44:40 Stone Shaft Mining
47:51 Padded Archer Armor
47:42 Fletching
49:13 Leather Archer Armor
48:58 Bodkin Arrow
49:12 Thumb Ring
48:27 Elite Skirmisher
50:15 Imperial Skirmisher
51:34 Bracer
52:05 Ring Archer Armor
LazyDom
10:42 Feudal Age
9:25 Loom
12:33 Double-Bit Axe
12:42 Horse Collar
17:55 Man-at-Arms
21:07 Castle Age
21:58 Bow Saw
21:59 Horse Collar
22:18 Stone Mining
22:19 Gold Mining
22:52 Squires
22:13 Pikeman
27:54 Gold Mining
28:39 Stone Shaft Mining
30:04 Forging
29:54 Scale Mail Armor
31:59 Heavy Plow
33:36 Anarchy
36:23 Loom
38:08 Iron Casting
37:48 Chain Mail Armor
39:07 Wheelbarrow
41:37 Ballistics
41:13 Murder Holes
42:16 Hand Cart
44:44 Imperial Age
45:07 Masonry
45:53 Caravan
45:53 Elite Huskarl
47:22 Perfusion
Halisker
0:29 Loom
12:48 Feudal Age
18:54 Scale Mail Armor
19:04 Forging
19:39 Man-at-Arms
30:52 Castle Age
28:51 Double-Bit Axe
29:03 Horse Collar
31:51 Chain Mail Armor
32:12 Iron Casting
31:46 Squires
32:03 Long Swordsman
32:36 Pikeman
36:19 Husbandry
38:00 Bloodlines
38:52 Scale Barding Armor
40:58 Fletching
42:58 Bow Saw
43:32 Pikeman
45:56 Bodkin Arrow
j.quintero_1988
0:59 Loom
11:47 Feudal Age
16:52 Horse Collar
17:39 Fletching
17:51 Padded Archer Armor
19:38 Wheelbarrow
23:57 Castle Age
24:46 Thumb Ring
24:21 Crossbowman
25:17 Bodkin Arrow
25:38 Leather Archer Armor
25:15 Double-Bit Axe
26:09 Squires
26:23 Crossbowman
32:24 Imperial Age
34:35 Chemistry
34:38 Arbalester
39:48 Bracer
40:18 Ring Archer Armor
40:23 Ballistics
39:59 Murder Holes
40:11 Siege Engineers
41:06 Conscription
Sir Pepe84
0:31 Loom
13:35 Feudal Age
15:25 Wheelbarrow
14:37 Double-Bit Axe
16:03 Town Watch
16:19 Stone Mining
16:22 Gold Mining
26:21 Castle Age
24:16 Fletching
24:38 Forging
24:28 Scale Mail Armor
25:36 Scale Mail Armor
25:36 Padded Archer Armor
25:43 Scale Barding Armor
25:17 Man-at-Arms
25:43 Arson
26:30 Arson
27:16 Bow Saw
27:05 Horse Collar
27:37 Husbandry
29:01 Stone Shaft Mining
28:34 Bodkin Arrow
34:41 Hand Cart
33:52 Crossbowman
33:54 Pikeman
34:35 Squires
34:39 Long Swordsman
35:20 Squires
35:41 Long Swordsman
42:17 Bloodlines
41:28 Light Cavalry
42:19 Elite Skirmisher
44:38 Iron Casting
45:48 Chain Mail Armor
45:50 Leather Archer Armor
46:00 Chain Barding Armor
47:26 Caravan
47:52 Fortified Wall
47:24 Treadmill Crane
47:42 Murder Holes
47:39 Guard Tower
48:01 Masonry
49:22 Thumb Ring
54:37 Imperial Age
54:42 Imperial Skirmisher
54:49 Imperial Skirmisher
54:51 Halberdier
54:53 Two-Handed Swordsman
56:44 Chatras
57:20 Hoardings
56:11 Champion
59:51 Capped Ram
59:52 Onager
DavidFe
3:26 Loom
12:54 Feudal Age
14:00 Double-Bit Axe
16:56 Horse Collar
18:13 Bloodlines
19:24 Scale Mail Armor
20:39 Scale Barding Armor
23:09 Wheelbarrow
26:47 Castle Age
26:53 Light Cavalry
27:35 Heavy Plow
27:47 Bow Saw
28:18 Chain Barding Armor
28:59 Stone Mining
30:31 Husbandry
33:16 Hand Cart
34:47 Gold Mining
38:46 Imperial Age
38:53 Imperial Age
38:01 Gold Shaft Mining
39:03 Corvinian Army
39:58 Conscription
39:52 Fletching
42:03 Gold Shaft Mining
43:33 Plate Barding Armor
43:11 Elite Magyar Huszar
47:19 Bodkin Arrow
51:58 Ballistics
57:47 Bracer
60:44 Spies/Treason
Connection lost

Rejoining the realm…

Still unreachable

The connection could not be restored.

Session expired

The server has moved on; the page needs a fresh start.